 Dungeon Crawl Stone Soup version 0.19.0 (webtiles) character file.

103 CanadianGator the Chopper (level 4, -10/41 HPs)
             Began as a Hill Orc Chaos Knight on Nov 9, 2016.
             Killed by nerve-wracking pain
             ... invoked by an orc priest
              (13 damage)
             ... on level 3 of the Dungeon.
             The game lasted 00:09:32 (1701 turns).

CanadianGator the Chopper (Hill Orc Chaos Knight)   Turns: 1701, Time: 00:09:32

Health: -10/41     AC:  5    Str: 14    XL:     4   Next: 79%
Magic:  4/4        EV: 11    Int: 12    God:    Xom [..*...]
Gold:   82         SH:  0    Dex: 11    Spells: 0 memorised, 3 levels left

rFire  . . .     SeeInvis .     j - +0 hand axe (curse)
rCold  . . .     Gourm    .     b - +2 leather armour
rNeg   . . .     Faith    .     (no shield)
rPois  .         Spirit   .     (no helmet)
rElec  .         Reflect  .     (no cloak)
rCorr  .         Harm     .     (no gloves)
MR     .....                    (no boots)
Stlth  +.........               (no amulet)
                                (no ring)
                                (no ring)

@: no status effects
A: no striking features
a: Renounce Religion, Convert to Beogh


You were on level 3 of the Dungeon.
You worshipped Xom.
You were a toy of Xom.
You were not hungry.

You visited 1 branch of the dungeon, and saw 3 of its levels.

You collected 82 gold pieces.

Inventory:

Hand Weapons
 a - a +0 hand axe of chaos
 j - a cursed +0 hand axe (weapon)
Armour
 b - a +2 leather armour (worn)
Scrolls
 f - 4 scrolls of identify {unknown}
 g - a scroll of remove curse {unknown}
 h - a scroll of blinking {unknown}
Potions
 d - a potion of magic {unknown}
 i - a potion of curing {unknown}
Comestibles
 c - a bread ration


   Skills:
 + Level 4.7 Fighting
 + Level 6.0 Axes
 + Level 2.3 Armour
 + Level 1.0 Dodging


You had 3 spell levels left.
You didn't know any spells.

Dungeon Overview and Level Annotations

Branches:
Dungeon (3/15)

Altars:
Trog


Message History

You closely miss the orc.
The orc is severely wounded.
The orc priest miscasts a cantrip.
The orc hits you.
* * * LOW HITPOINT WARNING * * *
You slash the orc!
You kill the orc! "Hum-dee-hum-dee-hum..."
Your butterfly evaporates and reforms as a river rat!
The orc priest completely misses your butterfly.
Your river rat closely misses the orc priest.
The orc priest hits you with a club.
* * * LOW HITPOINT WARNING * * *
Your river rat bites the orc priest.
You barely miss the orc priest.
The orc priest is almost dead.
The orc priest invokes the aid of Beogh against you.
Pain shoots through your body!
You die...
Xom laughs nastily!

...# ... ### ##
... ..#.< ..##.#.
#.#.bb #. #....#
#...##)or#
#.....b@.####
#....##†..b.# ###
#.###.# ######
#..# .# ##....###
##.##.# ##.......#
#.....# #...÷.....
#.#.### #....#....
+.#..####...###..)
####.#......#y#._.


You could see an orc priest and a friendly river rat.

Vanquished Creatures
  A gnoll (D:1)
  2 adders (D:2)
  2 worms (D:3)
  2 dart slugs (D:1)
  A dart slug (shapeshifter) (D:1)
  2 leopard geckos (D:2)
  3 orcs (D:3)
  3 ball pythons (D:2)
  4 giant cockroaches
  8 goblins
  6 hobgoblins
  A quokka (D:2)
  8 bats
  4 kobolds
  11 rats
58 creatures vanquished.

Vanquished Creatures (others)
  A bat (D:1)
1 creature vanquished.

Grand Total: 59 creatures vanquished

Notes
Turn   | Place    | Note
-------+----------+-------------------------------------------
     0 | D:1      | CanadianGator the Hill Orc Chaos Knight began the quest for the Orb.
     0 | D:1      | Reached XP level 1. HP: 19/19 MP: 1/1
     1 | D:1      | XOM: silly message
    31 | D:1      | Reached XP level 2. HP: 14/27 MP: 2/2
   223 | D:1      | XOM: mild Ice miscast
   250 | D:1      | XOM: cloud trail
   339 | D:1      | Reached XP level 3. HP: 33/33 MP: 3/3
   502 | D:1      | Reached skill level 5 in Axes
   596 | D:1      | XOM: harmless Tloc miscast
   776 | D:1      | You fall through a shaft!
   814 | D:2      | XOM: fog
   888 | D:2      | Reached XP level 4. HP: 34/41 MP: 4/4
   949 | D:2      | Found a faded altar of an unknown god.
   973 | D:2      | Reached skill level 1 in Dodging
   991 | D:2      | XOM: divination: detect items
  1428 | D:3      | Noticed a moth of wrath
  1431 | D:3      | Found a bloodstained altar of Trog.
  1679 | D:3      | XOM: butterfly on damage
  1690 | D:3      | Reached skill level 6 in Axes
  1693 | D:3      | XOM: butterfly on damage
  1699 | D:3      | XOM: polymorph butterfly -> river rat
  1701 | D:3      | Killed from afar by an orc priest

Skill      XL: |  1  2  3  4 |
---------------+-------------+-----
Fighting       | 4 |  4.7
Axes           | 5 6 |  6.0
Dodging        | 1 |  1.0
Armour         | |  2.3

Action                   |  1- 3 |  4- 6 || total
-------------------------+-------+-------++-------
Melee: Hand axe          |    93 |    72 ||   165
  Use: Potion            |       |     2 ||     2
 Stab: Petrified         |       |     3 ||     3
       Petrifying        |       |     1 ||     1
  Eat: Bread ration      |       |     1 ||     1
Armor: Leather armour    |    36 |    23 ||    59
Dodge: Dodged            |    62 |    52 ||   114
